 Dungeon Crawl Stone Soup version 0.28-a0-1485-g077359a4bf (webtiles) character file.

Game seed: 6015175658339684141

119 Hasart the Conjurer (level 4, -1/49 HPs)
             Began as a Demigod Conjurer on Jan 11, 2022.
             Succumbed to a gnoll's poison
             ... on level 4 of the Dungeon.
             The game lasted 00:03:44 (2458 turns).

Hasart the Conjurer (Demigod Conjurer)              Turns: 2458, Time: 00:03:45

Health: -1/49      AC: 22    Str:  8    XL:     4   Next: 47%
Magic:  0/11       EV:  2    Int: 24    God:
Gold:   52         SH:  0    Dex: 12    Spells: 2/9 levels left

rFire   . . .      SeeInvis .   c - +0 spear
rCold   . . .      Faith    .   (no shield)
rNeg    . . .      Spirit   .   (armour currently unavailable)
rPois   +          Reflect  .   (helmet currently unavailable)
rElec   .          Harm     .   (cloak currently unavailable)
rCorr   .          Rampage  .   (gloves currently unavailable)
Will    .....      NoTele   +   (boots currently unavailable)
Stlth   ++........              (no amulet)
HPRegen 0.16/turn               (no ring)
MPRegen 0.12/turn               (no ring)

@: lethally poisoned (-1 -> -18), tree-form, invisible
A: stationary, stasis, torment immunity, boosted hp, high mp 1, forlorn, divine
attributes
a: no special abilities


You were on level 4 of the Dungeon.
You were a tree.
You visited 1 branch of the dungeon, and saw 4 of its levels.

You collected 52 gold pieces.

Inventory:

Hand Weapons
 c - a +0 spear (weapon)
Armour
 a - a +0 robe (melded)
Wands
 j - a wand of charming (9)
Scrolls
 b - a scroll of teleportation {unknown}
 e - a scroll of fear {unknown}
 f - a scroll of silence {unknown}
 g - 2 scrolls of identify {unknown}
 l - a scroll of enchant weapon {unknown}
Potions
 i - a potion of curing {unknown}
 k - a potion of attraction {unknown}


   Skills:
 - Level 1.7 Dodging
 - Level 1.7 Stealth
 + Level 3.1 Spellcasting
 + Level 4.6 Conjurations
 + Level 0.6 Hexes


You had 2 spell levels left.
You knew the following spells:

 Your Spells              Type           Power      Damage    Failure   Level
a - Magic Dart            Conj           100%       1d8       1%          1
b - Searing Ray           Conj           52%        2d6       2%          2
c - Fulminant Prism       Conj/Hex       8%         3d7       34%         4

Your spell library contained the following spells:

 Spells                   Type           Power      Damage    Failure   Level
 Sublimation of Blood     Necr           3%         N/A       16%         2
 Dazzling Flash           Conj/Hex       32%        N/A       11%         3
 Gell's Gravitas          Tloc           3%         N/A       32%         3
 Teleport Other           Tloc           3%         N/A       32%         3
 Iskenderun's Mystic Bla  Conj/Tloc      14%        2d5       38%         4
 Petrify                  Tmut/Erth      3%         N/A       71%         4
 Irradiate                Conj/Tmut      7%         3d15      75%         5
 Dispersal                Tloc           1%         N/A       100%        6


Dungeon Overview and Level Annotations

Branches:
Dungeon (4/15)
 Temple: D:4-7


Innate Abilities, Weirdness & Mutations

You are a tree.
Your roots penetrate the ground, keeping you stationary.
You cannot be teleported.
You are immune to unholy pain and torment.
Your maximum health is greatly increased.
Your equipment is partially melded.
You have an increased reservoir of magic. (+10% MP)
You shall have no god before yourself.
Your divine heritage dramatically boosts your attributes as you level up.


Message History

Press: ? - help, Q - select action, (/) - cycle Shift-Dir - straight line, f - gnoll
Aim: a gnoll, wielding a +0 spear (82% to hit)
The searing ray hits the gnoll.
The gnoll is moderately wounded.
The searing ray hits the gnoll.
The gnoll is lightly wounded. (Press . to maintain the ray.) Unknown command.
The searing ray hits the gnoll!
The gnoll is almost dead.
The searing ray hits the gnoll!
The gnoll is almost dead.
Unknown command.
The searing ray misses the gnoll.
The gnoll closely misses you.
The gnoll hits you with a +2 flail of venom!
You are poisoned.
Unknown command.
The searing ray hits the gnoll.
You kill the gnoll!
You finish channelling your searing ray.
You feel very sick.
The gnoll hits you with a +2 flail of venom!
You are more poisoned.
Unknown command.
Aiming: Searing Ray (safe; 2% risk of failure)
Press: ? - help, Q - select action, (/) - cycle Shift-Dir - straight line, f - gnoll
Aim: a gnoll, wielding a +2 flail of venom (almost dead, 82% to hit)
The searing ray hits the gnoll.
You kill the gnoll! (Press . to maintain the ray.)
* * * LOW HITPOINT WARNING * * *
You feel very sick.
Unknown command.
It was a potion of invisibility.
You fade into invisibility!
* * * LOW HITPOINT WARNING * * *
You feel very sick.
It was a potion of lignification.
You turn into a tree.
Your +0 robe melds into your body.
Your roots penetrate the ground.
You die...

#######>........
####.....#.........
.........#.........
###................
........##.#######.
.#..............#
#.......#.####.#
.....#.#.#......#
##...#♣..#<######
.... #))#### ###.
#.#). ..#.... ...#
.### ....# .#
###### #


There were no monsters in sight!

Vanquished Creatures
  A jelly (D:3)
  3 gnolls (D:4)
  An adder (D:3)
  A dart slug (D:1)
  2 bats (D:1)
  4 endoplasms (D:1)
  2 giant cockroaches (D:1)
  4 goblins
  4 hobgoblins
  8 jackals (D:3)
  3 quokkas
  4 ball pythons
  A frilled lizard (D:3)
  5 kobolds
  3 rats (D:1)
46 creatures vanquished.

Notes
Turn   | Place    | Note
-------+----------+-------------------------------------------
     0 | D:1      | Hasart the Demigod Conjurer began the quest for the Orb.
     0 | D:1      | Reached XP level 1. HP: 14/14 MP: 5/5
   685 | D:1      | Reached XP level 2. HP: 19/20 MP: 5/7
   711 | D:1      | Learned a level 2 spell: Searing Ray
   896 | D:1      | Reached skill level 4 in Conjurations
  1676 | D:3      | Reached XP level 3. HP: 24/26 MP: 4/9
  2045 | D:3      | Reached XP level 4. HP: 23/33 MP: 3/11
  2166 | D:3      | Learned a level 4 spell: Fulminant Prism
  2458 | D:4      | Succumbed to a gnoll's poison

Illustrated notes

Levels and vault maps discovered:
D:1:      giann_horns, layout_loops_ring
D:2:      layout_basic
D:3:      layout_basic, ebering_ecumenical_altar_webs
D:4:      layout_basic, led_xom_imps, vehumet_altar_wand_db,
          mainiacjoe_overflow_surrounded_room, kennysheep_pointless_box,
          grunt_decor_one_mirror

Skill      XL: |  1  2  3 |
---------------+----------+-----
Spellcasting   | 2 3 |  3.1
Conjurations   | 4 |  4.6
Dodging        | |  1.7
Stealth        | |  1.7
Hexes          | |  0.6

Action                   |  1- 3 |  4- 6 || total
-------------------------+-------+-------++-------
Melee: Spear             |    11 |     3 ||    14
       Unarmed           |     4 |       ||     4
       Punch             |     1 |       ||     1
 Cast: Magic Dart        |    22 |       ||    22
       Searing Ray       |    22 |     4 ||    26
  Use: Potion            |       |     2 ||     2
Armor: Robe              |     3 |     2 ||     5
Dodge: Dodged            |    28 |     4 ||    32

Table legend: (Time is in decaauts)
 A = Elapsed time spent in this place.
 B = Non-inter-level travel time spent in this place.
 C = Inter-level travel time spent in this place.
 D = Time resting spent in this place.
 E = Time spent auto-exploring this place.
 F = Levels seen in this place.
 G = Mean time per level.
                   A        B        C        D        E       F      G
               +--------+--------+--------+--------+--------+-----+--------+
         Total |   2458 |   2372 |     86 |      0 |   2109 |   4 |  614.5 |
       Dungeon |   2458 |   2372 |     86 |      0 |   2109 |   4 |  614.5 |
               +--------+--------+--------+--------+--------+-----+--------+

Top non-repeatable levels by time:
     D:1: 1388 daAuts
     D:3: 770 daAuts
     D:2: 272 daAuts
     D:4: 26 daAuts
